Map: Lerilak Crest

Players

LilDicky

  • Race: Terran Terran
  • League: Diamond

Denix - Winner!

  • Race: Zerg Zerg
  • League: Diamond

VOD

http://www.twitch.tv/tumescentpie

Description

Time

  • Played on: Dec. 7, 2015, 1:26 p.m.
  • Length: 6:38
Show
View Real Time Build Order
Export as new Build Order

LilDicky Terran 

Build Orders: Liberator Opening 

Get SALT Encoding   

  12  0:01  SCV  
  13  0:14  SCV  
  14  0:17  Supply Depot  
  14  0:26  SCV  
  15  0:30  Refinery  
  15  0:39  SCV  
  16  0:45  Barracks  
  16  0:53  SCV  
  17  1:05  SCV  
  18  1:17  SCV  
  19  1:20  Refinery  
  19  1:31  Marine  
  21  1:34  Supply Depot  
  21  1:37  Orbital Command  
  20  1:45  Factory  
  20  1:51  Barracks Reactor  
  20  2:12  SCV  
  21  2:17  Supply Depot  
  21  2:24  SCV  
  24  2:30  Factory Tech Lab  
  24  2:36  Armory  
  24  2:38  Starport  
  24  2:42  Marine  
  22  2:44  Marine  
  22  2:47  SCV  
  24  2:59  SCV, Marine  
  24  3:02  Marine  
  27  3:11  SCV  
  28  3:21  Marine x2  
  28  3:23  Thor  
  36  3:29  Medivac  
  38  3:36  Supply Depot  
  38  3:37  SCV  
  39  3:42  Liberator  
  39  3:57  SCV, Marine x2  
  45  4:09  SCV  
  46  4:24  Siege Tank  
  46  4:27  Marine  
  46  4:28  Command Center  
  46  4:31  Marine  
  51  4:37  Supply Depot  
  40  5:18  Thor  
  40  5:20  SCV, Medivac  
  43  5:29  Marine x2  
  43  5:33  SCV  
  46  5:45  SCV  
  46  5:48  Factory  
  47  5:53  Medivac  
  49  5:57  SCV, Refinery  
  49  6:01  Refinery  
  50  6:09  SCV  
  51  6:21  SCV  
Show
View Real Time Build Order
Export as new Build Order

Denix Zerg - Winner!

Build Orders: Hatch First 

Get SALT Encoding   

  12  0:01  Drone  
  13  0:08  Drone  
  14  0:19  Drone, Extractor  
  14  0:20  Extractor  
  14  0:21  Drone  
  16  0:29  Overlord  
  16  0:48  Drone  
  17  0:52  Hatchery  
  17  0:55  Drone  
  17  0:58  Drone  
  18  1:13  Spawning Pool  
  18  1:15  Drone  
  18  1:19  Drone  
  19  1:27  Drone  
  20  1:39  Overlord  
  20  2:01  Zergling x4  
  20  2:04  Queen x2  
  20  2:06  Zergling x2  
  27  2:14  Drone  
  28  2:16  Drone  
  29  2:26  Drone  
  29  2:29  Drone  
  31  2:31  Overlord  
  31  2:36  Drone  
  32  2:43  Drone, Queen  
  35  2:48  Drone  
  35  2:49  Queen  
  38  2:54  Drone  
  38  2:57  Overlord  
  39  3:00  Extractor x2  
  39  3:03  Drone  
  37  3:17  Drone  
  37  3:18  Drone x4  
  37  3:19  Drone  
  44  3:20  Drone  
  44  3:29  Drone x2  
  44  3:33  Roach Warren  
  45  4:00  Drone x2  
  45  4:01  Drone  
  45  4:02  Lair  
  48  4:05  Drone x3  
  48  4:06  Overlord  
  48  4:07  Overlord x3  
  48  4:09  Extractor  
  50  4:32  Drone x2  
  50  4:34  Roach x3, Extractor  
  50  4:35  Roach  
  50  4:36  Roach x4  
  67  4:44  Overlord  
  67  4:47  Roach  
  68  4:56  Overlord  
  66  5:02  Overlord  
  66  5:04  Roach x3  
  66  5:05  Roach x3  
  61  5:18  Queen  
  61  5:19  Queen  
  65  5:23  Ravager  
  65  5:24  Ravager  
  65  5:25  Ravager  
  68  5:33  Drone x2  
  68  5:34  Drone x3  
  73  5:37  Drone  
  74  5:46  Drone x2  
  76  5:50  Hatchery  
  76  5:56  Queen  
  75  6:00  Drone  
  78  6:05  Evolution Chamber  
  78  6:06  Evolution Chamber  
Tags
 
Add a new tag
Caveats
  • Supply blocks, unpowered buildings, or Contaminate may cause inaccurate times.
  • Supply counts are checked every 10 seconds.